 Dungeon Crawl Stone Soup version 0.30.1-3-gfc49f6343a (webtiles) character file.

Game seed: 7697497906459624558

89250 Peloso the Peltast (level 15, -2/138 (141) HPs)
             Began as a Minotaur Fighter on Aug 5, 2023.
             Was a High Priest of Okawaru.
             Slain by a moth of wrath (5 damage)
             ... led by a torpor snail
             ... on level 2 of the Spider Nest.
             The game lasted 01:02:53 (26281 turns).

Peloso the Peltast (Minotaur Fighter)              Turns: 26281, Time: 01:02:54

HP:   -2/138 (141)  AC: 30    Str: 38    XL:     15   Next: 48%
MP:   1/15          EV:  9    Int:  5    God:    Okawaru [*****.]
Gold: 3986          SH: 17    Dex: 12    Spells: 14/14 levels left

rFire   + . .        a - +6 double sword "Worm's Wrath" {drain, rN+ Str+3}
rCold   . . .        d - -2 kite shield "Avvaoclueli" {rF+ Str+3 Slay+4 Stlth-}
rNeg    + . .        U - +0 crystal plate armour "Giseetot" {Slay+2}
rPois   +            F - +1 hat
rElec   .            R - +0 cloak {Will+}
rCorr   .            (no gloves)
SInv    .            B - +2 pair of boots
Will    ++...        g - amulet of reflection Stlth
                     n - +6 ring of strength
HPRegen 0.43/turn    L - ring of poison resistance
MPRegen 0.14/turn

%: reflection
@: lightly drained
A: horns 2, retaliatory headbutt
a: Renounce Religion, Heroism, Finesse, Duel


You were on level 2 of the Spider Nest.
You worshipped Okawaru.
Okawaru was extremely pleased with you.
You visited 5 branches of the dungeon, and saw 25 of its levels.
You also visited: Gauntlet.

You collected 4222 gold pieces.
You spent 236 gold pieces at shops.

Inventory:

Hand Weapons
 a - the +6 double sword "Worm's Wrath" (weapon) {drain, rN+ Str+3}
   (You acquired it in a Gauntlet)

   Str:       It affects your strength (+3).
   rN:        It protects you from negative energy.
 b - the +3 demon blade of Mycashra {freeze, Int+8}
   (Okawaru gifted it to you on level 1 of the Orcish Mines)

   Int:       It affects your intelligence (+8).
 c - a +0 scimitar of flaming
Armour
 d - the -2 kite shield "Avvaoclueli" (worn) {rF+ Str+3 Slay+4 Stlth-}
   (Okawaru gifted it to you on level 14 of the Dungeon)

   Str:       It affects your strength (+3).
   Slay:      It affects your accuracy & damage with ranged weapons and melee
   (+4).
   rF:        It protects you from fire.
   Stlth:     It makes you less stealthy.
 p - +0 swamp dragon scales
 B - a +2 pair of boots (worn)
 F - a +1 hat (worn)
 R - a +0 cloak of willpower (worn)
 U - the +0 crystal plate armour "Giseetot" (worn) {Slay+2}
   (Okawaru gifted it to you on level 2 of the Lair of Beasts)

   Slay:      It affects your accuracy & damage with ranged weapons and melee
   (+2).
 V - the +1 cloak "Ficaec" {rElec}
   (You found it in a Gauntlet)

   rElec:     It insulates you from electricity.
Jewellery
 g - an amulet of reflection (around neck)
 n - a +6 ring of strength (left hand)
 r - a ring of resist corrosion
 t - a ring of protection from cold
 D - an amulet of regeneration
 L - a ring of poison resistance (right hand)
 P - a ring of flight
Wands
 f - a wand of iceblast (3)
 u - a wand of charming (40)
Scrolls
 e - 8 scrolls of fog
 k - 3 scrolls of immolation
 l - 3 scrolls of noise
 o - 6 scrolls of amnesia
 q - 4 scrolls of fear
 x - a scroll of summoning
 I - a scroll of blinking
 K - 2 scrolls of magic mapping
 Q - 5 scrolls of poison
 T - 3 scrolls of identify
Potions
 j - 2 potions of invisibility
 m - 23 potions of curing
 s - 5 potions of might
 v - 3 potions of lignification
 w - 2 potions of haste
 z - a potion of heal wounds
 A - a potion of berserk rage
 J - 2 potions of flight


   Skills:
 + Level 15.3 Fighting
 + Level 17.1 Long Blades
 + Level 15.8 Armour
 + Level 6.6 Dodging
 + Level 2.2 Stealth
 + Level 17.7 Shields
 + Level 2.1 Invocations
 + Level 0.2 Evocations


You had 14 spell levels left.
You didn't know any spells.
Your spell library contained the following spells:

 Spells                   Type           Power      Damage    Failure   Level
 Apportation              Tloc           0%         N/A       99%         1
 Beastly Appendage        Tmut           0%         N/A       99%         1
 Necrotise                Necr           0%         1d4       99%         1
 Sting                    Tmut/Pois      0%         1d3       99%         1
 Ensorcelled Hibernation  Hex/Ice        0%         N/A       100%        2
 Wereblood                Tmut           0%         N/A       100%        2
 Dazzling Flash           Conj/Hex       0%         N/A       100%        3
 Inner Flame              Hex/Fire       0%         N/A       100%        3
 Spider Form              Tmut/Pois      0%         N/A       100%        3
 Vhi's Electric Charge    Tloc/Air       0%         N/A       100%        3
 Anguish                  Hex/Necr       0%         N/A       100%        4
 Flame Wave               Conj/Fire      0%         2d4       100%        4
 Ice Form                 Ice/Tmut       0%         N/A       100%        4
 Sticky Flame             Conj/Fire      0%         2d3       100%        4
 Agony                    Necr           0%         N/A       100%        5
 Alistair's Intoxication  Tmut/Pois      0%         N/A       100%        5
 Arcjolt                  Conj/Air       0%         1d10      100%        5
 Blade Hands              Tmut           0%         N/A       100%        5
 Irradiate                Conj/Tmut      0%         3d11      100%        5
 Silence                  Hex/Air        0%         N/A       100%        5
 Plasma Beam              Fire/Air       0%         2x1d11    100%        6
 Dragon Form              Tmut           0%         N/A       100%        7
 Summon Small Mammal      Summ           Unusable   N/A       N/A         1
 Call Canine Familiar     Summ           Unusable   N/A       N/A         3
 Summon Guardian Golem    Hex/Summ       Unusable   N/A       N/A         3
 Animate Armour           Summ/Erth      Unusable   N/A       N/A         4

Dungeon Overview and Level Annotations

Branches:
Dungeon (15/15)            Temple (1/1) D:4            Lair (5/5) D:8
 Shoals (0/4) Lair:2       Spider (1/4) Lair:2        Slime (0/5) Lair:4
    Orc (2/2) D:9             Elf (0/3) Orc:2        Vaults (0/5) D:14
 Depths (0/4) D:15        Gauntlet (visited)

Altars:
Ashenzari
Cheibriados
Dithmenos
Elyvilon
Fedhas
Gozag
Hepliaklqana
Kikubaaqudgha
Makhleb
Nemelex Xobeh
Okawaru
Qazlal
Ru
Sif Muna
Trog
Uskayaw
Vehumet
Wu Jian
Xom
Yredelemnul
Zin
The Shining One
Lugonu

Shops:
D:7 =   D:15 *   Orc:2 :[(!

Portals:
Trove: D:10 (give +2 gold dragon scales)

Annotations:
D:12 Casa


Innate Abilities, Weirdness & Mutations

You have a pair of horns on your head.
You reflexively headbutt those who attack you in melee.


Message History

You kill the redback!
Okawaru accepts your kill. You block something's attack.
Something hits you but does no damage.
Something stings you but does no damage.
Unknown command.
You slice the moth of wrath!!
The moth of wrath is heavily wounded.
The jorogumo hits you!
You suddenly lose the ability to move!
The moth of wrath bites you!
You feel you are being watched by something.
Something hits you! Something hits you but does no damage.
Something stings you but does no damage.
The jorogumo casts a spell at you.
The stream of webbing hits you but does no damage.
You are caught in a web!
The moth of wrath bites you but does no damage.
Something hits you but does no damage. Something hits you.
Something stings you but does no damage.
The jorogumo hits you but does no damage.
The jumping spider leaps!
The moth of wrath bites you but does no damage.
Something hits you but does no damage. x2; Something stings you!
The jorogumo barely misses you. The moth of wrath bites you.
You can move again.
Unknown command.
You block something's attack. Something hits you!
Something stings you but does no damage.
The jorogumo hits you!
* * * LOW HITPOINT WARNING * * *
The jumping spider leaps!
The moth of wrath closely misses you.
Unknown command.
You block something's attack. Something hits you!
* * * LOW HITPOINT WARNING * * *
Something stings you!
* * * LOW HITPOINT WARNING * * *
The jorogumo stares at you and mumbles some strange words.
The bolt of negative energy hits you! You partially resist.
You feel drained.
* * * LOW HITPOINT WARNING * * *
The moth of wrath bites you.
You die...

## #.# # #..##
####.## ....#
#......##^..###
#@ys..^.#
#H{....## .#
###.....#..
...#
#.#...○....
#.?.
#..##.°....
#...#.H# ...###
#.○{.## .#.#
#.{s..# ○....
^......## # ...


You could see a jorogumo, a moth of wrath and a jumping spider.

Vanquished Creatures
  A ghost moth (Spider:1)
  An ironbound preserver (D:14)
  A minotaur (Gauntlet)
  A dire elephant (D:15)
  A fire dragon (Lair:5)
  A green death (Gauntlet)
  5 hydras
  A rakshasa (D:14)
  2 catoblepae (D:14)
  A death knight (D:14)
  2 boulder beetles
  7 centaur warriors
  A radroach (Spider:1)
  4 two-headed ogres
  An alligator (Lair:5)
  Sonja (D:13)
  4 skysharks
  A skeletal warrior (D:15)
  A pharaoh ant (Spider:1)
  A swamp dragon (Lair:5)
  A phantasmal warrior (D:15)
  Pikel (D:4)
  An obsidian statue (D:10)
  5 orc knights
  7 ugly things
  4 deep elf pyromancers
  2 orc sorcerers
  4 wolf spiders
  2 manticores
  7 cyclopes
  Joseph (D:10)
  2 demonic crawlers
  6 elephants (Lair:5)
  A torpor snail (Lair:4)
  5 black mambas
  A smoke demon (Gauntlet)
  A black mamba (shapeshifter) (D:15)
  14 cane toads
  2 gargoyles
  A freezing wraith (D:14)
  Maggie (D:8)
  2 orange demons (Gauntlet)
  A rime drake (Lair:5)
  The ghost of jaiteiro the Digger, a novice FoEE (D:3)
  A minotaur zombie (Gauntlet)
  A kobold demonologist (D:11)
  A rime drake (shapeshifter) (D:14)
  An efreet (D:14)
  10 komodo dragons
  8 trolls
  11 polar bears
  2 hornets
  Prince Ribbit (D:8)
  5 tarantellas
  3 raiju (Lair:5)
  10 blink frogs
  15 slime creatures
  5 culicivoras
  Eustachio (D:4)
  Sigmund (D:5)
  5 wraiths
  4 jumping spiders
  5 shadows
  6 wyverns
  A basilisk (Lair:5)
  31 yaks
  A vampire (D:11)
  3 steam dragons
  9 redbacks
  Menkaure (D:7)
  5 vampire mosquitoes
  The ghost of zxspectator the Covered, an amateur GrFi (D:3)
  4 acid dragons
  9 wargs
  12 water moccasins
  14 hell hounds (Lair:5)
  41 orc warriors
  A swamp drake (Lair:5)
  13 black bears
  The ghost of wajtan the Shield-Bearer, an amateur MiFi (D:3)
  An ogre (Orc:2)
  11 centaurs
  22 wolves
  A phantom (D:6)
  5 kobold brigands
  12 bullfrogs
  3 scorpions
  12 wights
  4 killer bees
  An electric eel (Lair:5)
  9 howler monkeys
  2 crimson imps (Gauntlet)
  8 orc priests
  2 hounds (D:5)
  A gnoll bouda (D:9)
  Crazy Yiuf (D:7)
  A sleepcap (D:6)
  6 iguanas
  20 orc wizards
  Terence (D:2)
  4 adders
  2 shadow imps
  2 white imps
  An ufetubus (D:7)
  3 worms
  2 dart slugs (D:4)
  63 orcs
  4 ball pythons
  6 endoplasms
  2 giant cockroaches (D:1)
  6 goblins
  5 hobgoblins
  2 jackals (D:2)
  4 quokkas
  16 bats
  3 frilled lizards
  31 kobolds
  5 rats
638 creatures vanquished.

Vanquished Creatures (others)
  Psyche (D:8)
  A jumping spider (Spider:1)
  2 orc warriors (Orc:2)
  A crimson imp (Gauntlet)
  An orc (Orc:1)
  A kobold (D:6)
7 creatures vanquished.

Grand Total: 645 creatures vanquished

Notes
Turn   | Place    | Note
-------+----------+-------------------------------------------
     0 | D:1      | Peloso the Minotaur Fighter began the quest for the Orb.
     0 | D:1      | Reached XP level 1. HP: 19/19 MP: 0/0
    87 | D:1      | You fall into a shaft and drop 1 floor!
   161 | D:2      | Noticed Terence
   170 | D:2      | Killed Terence
   171 | D:2      | Reached XP level 2. HP: 11/28 MP: 1/1
   296 | D:2      | Reached XP level 3. HP: 34/34 MP: 2/2
   851 | D:1      | Found a faded altar of an unknown god.
  1296 | D:3      | Found a runed translucent gate.
  1296 | D:3      | Found a runed translucent gate.
  1296 | D:3      | Found a runed translucent gate.
  1298 | D:3      | Noticed wajtan's ghost (amateur MiFi)
  1298 | D:3      | Noticed zxspectator's ghost (amateur GrFi)
  1298 | D:3      | Noticed jaiteiro's ghost (novice FoEE)
  1325 | D:3      | Reached XP level 4. HP: 38/41 MP: 3/3
  1419 | D:3      | Found a sparkling altar of Nemelex Xobeh.
  1588 | D:3      | Reached skill level 1 in Dodging
  1633 | D:3      | Reached XP level 5. HP: 47/47 MP: 4/4
  2082 | D:4      | Noticed Eustachio
  2127 | D:4      | Killed Eustachio
  2128 | D:4      | Reached skill level 5 in Fighting
  2128 | D:4      | Reached skill level 5 in Armour
  2128 | D:4      | Reached XP level 6. HP: 16/56 MP: 5/5
  2273 | D:4      | Found a staircase to the Ecumenical Temple.
  2282 | Temple   | Entered the Ecumenical Temple
  2356 | D:4      | Reached skill level 5 in Long Blades
  2356 | D:4      | Reached skill level 5 in Shields
  2384 | D:4      | Found an opulent altar of Gozag.
  2450 | D:4      | Noticed Pikel
  2465 | D:4      | Killed Pikel
  2466 | D:4      | Reached XP level 7. HP: 45/62 MP: 6/6
  2534 | D:4      | Found a sacrificial altar of Ru.
  2553 | D:4      | Found a glowing silver altar of Zin.
  2582 | D:4      | Found an iron altar of Okawaru.
  2607 | D:4      | Became a worshipper of Warmaster Okawaru
  2724 | D:5      | Entered Level 5 of the Dungeon
  2762 | D:5      | Noticed Sigmund
  2770 | D:5      | Killed Sigmund
  2771 | D:5      | Reached XP level 8. HP: 63/70 MP: 7/7
  2903 | D:5      | Found a hazy altar of Hepliaklqana.
  3773 | D:6      | Reached * piety under Okawaru
  4413 | D:6      | Found a hide-covered altar of Uskayaw.
  4537 | D:7      | Noticed Menkaure
  4545 | D:7      | Killed Menkaure
  4752 | D:7      | Reached XP level 9. HP: 52/78 MP: 8/8
  5022 | D:7      | Found Tofiref's Jewellery Boutique.
  5398 | D:7      | Reached ** piety under Okawaru
  5575 | D:7      | Found a runed translucent door.
  5576 | D:7      | Noticed Crazy Yiuf
  5703 | D:7      | Found a broken altar of Ashenzari.
  5848 | D:7      | Killed Crazy Yiuf
  6131 | D:8      | Noticed Prince Ribbit
  6145 | D:8      | Killed Prince Ribbit
  6296 | D:8      | Found an ornate altar of the Wu Jian Council.
  6324 | D:8      | Found a bloodstained altar of Trog.
  6397 | D:8      | Noticed Maggie
  6426 | D:8      | Killed Maggie
  6488 | D:8      | Reached skill level 10 in Long Blades
  6488 | D:8      | Reached skill level 1 in Stealth
  6495 | D:8      | Reached *** piety under Okawaru
  6496 | D:8      | Reached XP level 10. HP: 86/86 MP: 9/9
  6765 | D:8      | Noticed a two-headed ogre
  6772 | D:8      | Killed a two-headed ogre
  6772 | D:8      | Reached **** piety under Okawaru
  6860 | D:8      | Noticed a centaur warrior
  6873 | D:8      | Killed a centaur warrior
  6972 | D:8      | Found a staircase to the Lair.
  7264 | D:8      | Noticed Psyche
  7276 | D:8      | Killed Psyche
  7572 | D:9      | Found a staircase to the Orcish Mines.
  7605 | D:9      | Noticed a centaur warrior
  7612 | D:9      | Killed a centaur warrior
  7612 | D:9      | Reached ***** piety under Okawaru
  7705 | D:9      | Reached skill level 10 in Shields
  7746 | D:9      | Reached skill level 10 in Armour
  7890 | D:9      | Noticed a cyclops
  7906 | D:9      | Killed a cyclops
  7907 | D:9      | Reached XP level 11. HP: 57/95 MP: 7/10
  8126 | D:9      | Found a glowing golden altar of the Shining One.
  8346 | D:9      | Reached skill level 1 in Invocations
  8479 | D:10     | Entered Level 10 of the Dungeon
  8497 | D:10     | Found a portal to a secret trove of treasure.
  8678 | D:10     | Identified the +2 hat of Qunirhuf {Rampage rPois rF- Dex-4}
                  | (Okawaru gifted it to you on level 10 of the Dungeon)
  8678 | D:10     | Received a gift from Okawaru
  8719 | D:10     | Noticed Joseph
  8736 | D:10     | Killed Joseph
  8942 | D:10     | Found a runed translucent door.
  8960 | D:10     | Found a runed translucent door.
  9095 | D:10     | Found a runed translucent door.
  9110 | D:10     | Found a runed translucent door.
  9171 | D:10     | Got Goexyar's Papyrus of Earthen Configuration
  9368 | D:10     | Found a shadowy altar of Dithmenos.
  9436 | D:10     | Found a white marble altar of Elyvilon.
  9511 | D:10     | Identified a scroll of acquirement
  9553 | Lair:1   | Entered Level 1 of the Lair of Beasts
  9769 | Lair:1   | Reached skill level 5 in Dodging
 10238 | Lair:2   | Found a staircase to the Shoals.
 10247 | Lair:2   | Reached skill level 10 in Fighting
 10685 | Lair:2   | Identified the +0 buckler of Zygil {-Tele Int+9 Slay+2}
                  | (Okawaru gifted it to you on level 2 of the Lair of Beasts)
 10685 | Lair:2   | Received a gift from Okawaru
 10689 | Lair:2   | Reached XP level 12. HP: 98/106 MP: 11/11
 10860 | Lair:2   | Found a hole to the Spider Nest.
 11433 | D:11     | Noticed a two-headed ogre
 11444 | D:11     | Killed a two-headed ogre
 11463 | D:11     | Noticed a two-headed ogre
 11592 | D:10     | Killed a two-headed ogre
 12840 | D:11     | Identified the +6 quarterstaff "Haoke" {vamp, rN+++ Str-5
                  | SInv Stlth+} (Okawaru gifted it to you on level 11 of the
                  | Dungeon)
 12840 | D:11     | Received a gift from Okawaru
 13601 | Lair:3   | Noticed a four-headed hydra
 13724 | Orc:1    | Entered Level 1 of the Orcish Mines
 13991 | Orc:2    | Entered Level 2 of the Orcish Mines
 14009 | Orc:1    | Paralysed by an orc sorcerer for 4 turns
 14135 | Orc:2    | Noticed a two-headed ogre
 14148 | Orc:1    | Identified the +3 demon blade of Mycashra {freeze, Int+8}
                  | (Okawaru gifted it to you on level 1 of the Orcish Mines)
 14148 | Orc:1    | Received a gift from Okawaru
 14199 | Orc:1    | Killed a two-headed ogre
 14200 | Orc:1    | Reached XP level 13. HP: 67/117 MP: 10/13
 14623 | Orc:2    | Found a staircase to the Elven Halls.
 14925 | Orc:2    | Found Posisch's Antique Weapon Shoppe.
 14925 | Orc:2    | Found Roipleru's Armour Shop.
 14927 | Orc:2    | Found Guif's Book Boutique.
 14929 | Orc:2    | Found Sufi's Distillery.
 15809 | Orc:2    | Bought a +0 cloak of willpower for 161 gold pieces
 15927 | Orc:2    | Bought a potion of berserk rage for 75 gold pieces
 16057 | D:13     | Received a gift from Okawaru
 16097 | D:13     | Noticed Sonja
 16103 | D:13     | Killed Sonja
 16367 | D:13     | Reached ****** piety under Okawaru
 17164 | Lair:2   | Identified the +0 crystal plate armour "Giseetot" {Slay+2}
                  | (Okawaru gifted it to you on level 2 of the Lair of Beasts)
 17164 | Lair:2   | Received a gift from Okawaru
 17405 | Lair:3   | Reached skill level 15 in Long Blades
 18029 | Lair:3   | Identified the +1 ring mail "Bopluhub" {Harm}
 18304 | Lair:4   | Found a gate leading to a gauntlet.
 18313 | Gauntlet | Entered a Gauntlet
 18313 | Gauntlet | Found a transporter.
 18313 | Gauntlet | Found a transporter.
 18315 | Gauntlet | Found a transporter.
 18315 | Gauntlet | Found a transporter.
 18319 | Gauntlet | Found a transporter.
 18319 | Gauntlet | Found a transporter.
 18352 | Gauntlet | Found a runed translucent gate.
 18352 | Gauntlet | Found a runed translucent gate.
 18352 | Gauntlet | Found a runed translucent gate.
 18356 | Gauntlet | Found a transporter.
 18360 | Gauntlet | Found a transporter.
 18364 | Gauntlet | Found a runed translucent door.
 18368 | Gauntlet | Found a runed translucent door.
 18372 | Gauntlet | Found a transporter.
 18389 | Gauntlet | Found a transporter.
 18389 | Gauntlet | Noticed a green death
 18393 | Gauntlet | Found a transporter.
 18414 | Gauntlet | Found a transporter.
 18414 | Gauntlet | Found the +3 hat of Pondering {ponderous, Will+ MP+10
                  | Int+5}
 18544 | Gauntlet | Acquired 664 gold pieces
 18554 | Gauntlet | Acquired 883 gold pieces
 18558 | Gauntlet | Acquired the +6 double sword "Worm's Wrath" {drain, rN+
                  | Str+3}
 18675 | Gauntlet | Killed a green death
 18696 | Gauntlet | Identified the +1 cloak "Ficaec" {rElec}
 18788 | Gauntlet | Identified the +1 shortbow "Hydrabane" {flame, rPois}
 18788 | Gauntlet | Noticed a minotaur
 18805 | Gauntlet | Killed a minotaur
 18811 | Gauntlet | Identified the +1 rapier of Expedience {pain, rPois rF++
                  | Int-5 SInv}
 18811 | Gauntlet | Identified the staff of death "Juuta" {rC++ rN+ Will+ Int-2
                  | Stlth+}
 19095 | Lair:4   | Reached XP level 14. HP: 92/129 MP: 14/14
 19190 | Lair:4   | Found an ornate altar of the Wu Jian Council.
 19190 | Lair:4   | Found a hide-covered altar of Uskayaw.
 19716 | Lair:4   | Found a staircase to the Slime Pits.
 20041 | Lair:5   | Entered Level 5 of the Lair of Beasts
 20116 | Lair:5   | Reached skill level 15 in Shields
 20123 | Lair:5   | HP: 4/129 [fire dragon/blast of flame (47)]
 20563 | Lair:5   | Identified the +5 tower shield of Evolution {rElec rN+
                  | Int+2} (Okawaru gifted it to you on level 5 of the Lair of
                  | Beasts)
 20563 | Lair:5   | Received a gift from Okawaru
 22285 | D:14     | Found a gate to the Vaults.
 22285 | D:14     | Noticed an ironbound preserver
 22289 | D:14     | Reached skill level 15 in Armour
 22291 | D:14     | Identified the -2 kite shield "Avvaoclueli" {rF+ Str+3
                  | Slay+4 Stlth-} (Okawaru gifted it to you on level 14 of the
                  | Dungeon)
 22291 | D:14     | Received a gift from Okawaru
 22303 | D:14     | Killed an ironbound preserver
 22823 | D:15     | Entered Level 15 of the Dungeon
 22855 | D:15     | Found Dauxunk's Mass Market.
 22873 | D:15     | Reached XP level 15. HP: 123/139 MP: 15/15
 23056 | D:14     | HP: 6/139 [mirror damage (2)]
 23555 | D:15     | Found a hazy altar of Hepliaklqana.
 23683 | D:15     | Reached skill level 15 in Fighting
 23690 | D:15     | Found a staircase to the Depths.
 24354 | D:3      | Killed zxspectator's ghost
 24354 | D:3      | Received a gift from Okawaru
 24356 | D:3      | Killed wajtan's ghost
 24361 | D:3      | Killed jaiteiro's ghost
 24400 | D:3      | Identified the +4 dagger of Waxal {flame, rPois rF- Str+6}
 25442 | Spider:1 | Entered Level 1 of the Spider Nest
 26254 | Spider:1 | You fall into a shaft and drop 1 floor!
 26277 | Spider:2 | Paralysed by a jorogumo for 2 turns
 26281 | Spider:2 | HP: 3/138 [jorogumo/bolt of negative energy (10)]
 26281 | Spider:2 | Slain by a moth of wrath

Illustrated notes

Levels and vault maps discovered:
D:1:      eino_arrival_cavern_b, layout_rooms, ebering_ecumenical_altar_rust,
          serial_curves, eino_curves_01, eino_curves_02, minmay_misc_feat_five,
          patterned_corridor
D:2:      layout_basic, uniq_terence
D:3:      layout_loops_ring, nemelex_diamond_rough_becter,
          gammafunk_ghost_cemetery
D:4:      layout_rooms, grunt_gozag_breadcrumbs, kennysheep_mini_moat,
          zin_statuary, kennysheep_little_box,
          minmay_temple_entry_gardened_gates, uniq_pikel, uniq_eustachio
D:5:      layout_rooms, mainiacjoe_overflow_24_doors, uniq_sigmund
D:6:      layout_loops_cross, lemuel_doored_altar
D:7:      layout_loops_corners, nicolae_ashenzari_skybound, serial_shops,
          nicolae_shop_trees, uniq_menkaure, uniq_crazy_yiuf_cottage
D:8:      minmay_distorted_concentric_squares, layout_basic,
          lightli_temple_of_fire, mainiacjoe_overflow_surrounded_room,
          grunt_lair_entry_orc_guard_hut, kennysheep_small_square,
          uniq_prince_ribbit1, uniq_psyche, uniq_maggie
D:9:      minmay_thick_lines, layout_rooms, tso_metal_star, orc_0_dummy,
          small_chamber_with_monster
D:10:     layout_loops_ring, mainiacjoe_overflow_two_lobes,
          nicolae_trove_entry_crystal, minmay_statue_crystal_thing, uniq_joseph
D:11:     layout_cave_pools, serial_park, serial_park_tiny_pond,
          serial_park_square3 [serial_park_minivault_5x5_6],
          serial_park_square2, serial_park_tiny_pond
D:12:     layout_grid_maze, minmay_tree_intersection, minmay_starry_boxes
D:13:     layout_cave_pods, uniq_sonja
D:14:     layout_roguey, skrybe_vaults_entry_preservation, minivault_11
D:15:     hangedman_depths_entry_try_elsewhere_first, layout_cave_pools,
          nicolae_hepliaklqana_hazy_memory, eino_small_chamber_without_monster,
          minmay_shop_mass
Temple:   corrupted_temple
Lair:1:   layout_hall_layers, grunt_megastairs_3
Lair:2:   layout_regular_city, shoals_dummy_entry,
          nicolae_spider_entry_tight_spaces, serial_bayou_pond_c,
          lemuel_fruit_fields
Lair:3:   layout_hall_layers, grunt_megastairs_2, serial_bayou_shore_b
Lair:4:   layout_cave_pods, slime_entry_1, gauntlet_entry_generic,
          nzn_masters_of_martial_movement
Lair:5:   guppyfry_lair_end_dragon, layout_cave_shapes,
          hangedman_lair_caniforms_friends, roderic_batcave,
          hangedman_lair_unloving_vines, bh_autumn_forest_stairs,
          fungi_pond_lemuel
Spider:1: layout_spider_delve, hangedman_spider_tarantella_strand
Spider:2: nicolae_spider_broodchamber, drop_trap, uniq_louise
Orc:1:    layout_caves
Orc:2:    st_orc_rangers, layout_diamond_mine

Skill      XL: |  1  2  3  4  5  6  7  8  9 10 11 12 13 14 15 |
---------------+----------------------------------------------+-----
Fighting       | 4 5 6 7 8 10 11 13 14 15 | 15.3
Armour         | 4 5 6 7 8 10 11 13 14 15 | 15.8
Shields        | 4 6 7 9 10 12 14 16 17 | 17.7
Long Blades    | 3 4 6 8 10 12 13 14 15 16 17 | 17.1
Dodging        | 1 2 3 4 5 6 |  6.6
Stealth        | 1 2 |  2.2
Invocations    | 1 2 |  2.1
Evocations     | |  0.2

Action                     |  1- 3 |  4- 6 |  7- 9 | 10-12 | 13-15 || total
---------------------------+-------+-------+-------+-------+-------++-------
  Melee: Long sword        |    98 |   113 |   300 |   673 |       ||  1184
         Headbutt          |     7 |    19 |    78 |   131 |   275 ||   510
         Demon blade       |       |       |       |     5 |   306 ||   311
         Double sword      |       |       |       |       |   711 ||   711
 Invoke: Heroism           |       |       |     3 |     7 |    12 ||    22
  Evoke: Wand              |       |       |       |       |     2 ||     2
    Use: Scroll            |     6 |       |     8 |     5 |    14 ||    33
         Potion            |       |     1 |       |       |     3 ||     4
 Armour: Scale mail        |     4 |       |       |       |       ||     4
         Chain mail        |    56 |    56 |    88 |   331 |   105 ||   636
         Crystal plate arm |       |       |       |       |   548 ||   548
  Dodge: Dodged            |    38 |    56 |    86 |   338 |   420 ||   938
  Block: Buckler           |    51 |    84 |   141 |   359 |   429 ||  1064
         Reflection        |     1 |     2 |     2 |     4 |    19 ||    28
         Tower shield      |       |       |       |       |   365 ||   365
         Kite shield       |       |       |       |       |   240 ||   240
